AoeStats
← Chaac1706

Arabia

508346333Analyzed
1v1 RM · 11d ago on Sep 22, 2026· 40m 55s· 2 players
Game mode
Random Map
Map size
Tiny (2 player)
Population
200
Speed
Normal
Resources
Standard
Victory
Conquest
Starting age
Dark Age
Ending age
Imperial Age
RankedLock teamsTeams togetherTeam positionsShared explorationLock speedFull tech treeHidden civsTurbo modeCheats
Victory
Defeat
🇨🇴 Muisca · Colombia
1172
+16
🇻🇳 Vietnamese · Vietnam
1163
-16
S O L
10:51 Feudal Age
10:49 Loom
13:52 Double-Bit Axe
13:58 Gold Mining
14:33 Horse Collar
16:53 Wheelbarrow
16:35 Town Watch
18:35 Fletching
18:46 Padded Archer Armor
22:59 Scale Barding Armor
26:00 Castle Age
24:19 Bloodlines
26:21 Stone Mining
26:47 Husbandry
27:08 Thumb Ring
28:26 Bow Saw
29:36 Scale Barding Armor
30:34 Sanctity
31:43 Stone Shaft Mining
34:49 Elite Skirmisher
35:26 Bodkin Arrow
36:33 Leather Archer Armor
38:17 Hand Cart
39:12 Treadmill Crane
Chaac1706
3:17 Loom
5:42 Loom
8:48 Feudal Age
9:27 Double-Bit Axe
10:37 Champi Runner
13:19 Horse Collar
16:27 Wheelbarrow
17:06 Scale Mail Armor
17:04 Town Watch
20:43 Castle Age
20:10 Fletching
20:20 Padded Archer Armor
21:29 Crossbowman
22:25 Thumb Ring
27:16 Hand Cart
28:33 Bodkin Arrow
30:58 Bow Saw
30:49 Heavy Plow
31:20 Town Patrol
33:02 Fervor
33:12 Sanctity
33:39 Leather Archer Armor
38:07 Imperial Age
39:12 Conscription
38:53 Herbalism
38:16 Arbalester
38:59 Bracer
40:10 Two-Man Saw
39:11 Heavy Plow
39:35 Ballistics
40:16 Chemistry
Connection lost

Rejoining the realm…

Still unreachable

The connection could not be restored.

Session expired

The server has moved on; the page needs a fresh start.